Kradschützen Motorcycle Team
Construct Light Support Kompanie
Selects Armored Support Battlegroup
Selects Armored Support Battlegroup
Selects Superior Fire Drills
Construct Mechanized Kompanie
Panzerjäger Mechanized Group
Marder III Tank Destroyer
254 Reconnaissance Tractor
Selects Flammpanzer III Medium Tank
Flammpanzer III Medium Tank
Marder III Tank Destroyer
254 Reconnaissance Tractor
Flammpanzer III Medium Tank
Marder III Tank Destroyer
Selects Battlefield Salvage
Marder III Tank Destroyer
254 Reconnaissance Tractor
Marder III Tank Destroyer
Selects Stuka Anti-tank Loiter
254 Reconnaissance Tractor
Marder III Tank Destroyer
Marder III Tank Destroyer
Marder III Tank Destroyer
Marder III Tank Destroyer